 Dungeon Crawl Stone Soup version 0.30.2 (webtiles) character file.

Game seed: 8034581277469708438

42 porpoise the Vexing (level 3, -1/27 HPs)
             Began as a Demonspawn Enchanter on Jan 25, 2024.
             Slain by a gnoll
             ... wielding a +0 flail
              (6 damage)
             ... on level 2 of the Dungeon.
             The game lasted 00:05:07 (1133 turns).

porpoise the Vexing (Demonspawn Enchanter)          Turns: 1133, Time: 00:05:08

Health: -1/27      AC:  8    Str:  8    XL:     3   Next: 35%
Magic:  0/6        EV: 12    Int: 16    God:
Gold:   55         SH:  0    Dex: 15    Spells: 4/6 levels left

rFire   . . .        d - +1 dagger
rCold   . . .        (no shield)
rNeg    . . .        b - +0 robe
rPois   .            (no helmet)
rElec   .            (no cloak)
rCorr   .            (no gloves)
SInv    .            (no boots)
Will    .....        (no amulet)
Stlth   ++           f - +4 ring of protection
HPRegen 0.24/turn    (no ring)
MPRegen 0.10/turn

%: no passive effects
@: very slightly contaminated
A: hooves 1, molten scales 1
a: no special abilities


You were on level 2 of the Dungeon.
You visited 1 branch of the dungeon, and saw 2 of its levels.

You collected 55 gold pieces.

Inventory:

Hand Weapons
 a - a +0 trident
 d - a +1 dagger (weapon)
Missiles
 i - 4 boomerangs (quivered)
Armour
 b - a +0 robe (worn)
Jewellery
 e - a ring of wizardry
 f - a +4 ring of protection (left hand)
Scrolls
 j - a scroll of vulnerability {unknown}
 l - a scroll of teleportation {unknown}
Potions
 c - 3 potions of invisibility
 g - a potion of haste {unknown}
 h - a potion of curing
 k - a potion of ambrosia


   Skills:
 + Level 2.0 Fighting
 - Level 0.8 Short Blades
 + Level 1.8 Polearms
 - Level 1.7 Dodging
 - Level 2.6 Stealth
 - Level 2.0 Spellcasting
 - Level 3.0 Hexes


You had 4 spell levels left.
You knew the following spells:

 Your Spells              Type           Power      Damage    Failure   Level
a - Ensorcelled Hibernat  Hex/Ice        12%        N/A       17%         2

Your spell library contained the following spells:

 Spells                   Type           Power      Damage    Failure   Level
 Confusing Touch          Hex            11%        N/A       19%         3
 Tukima's Dance           Hex            11%        N/A       19%         3
 Dazzling Flash           Conj/Hex       12%        N/A       32%         3


Dungeon Overview and Level Annotations

Branches:
Dungeon (2/15)

Altars:


Innate Abilities, Weirdness & Mutations

You have large cloven feet.
You are partially covered in molten scales. (AC +2)


Message History

You hit the gnoll.
You kill the gnoll!
The gnoll closely misses you.
Your Fighting skill increases to level 2!
You hit the gnoll. Your kick misses the gnoll.
The gnoll is lightly wounded.
You hit the gnoll. Your kick misses the gnoll.
The gnoll is lightly wounded.
The gnoll closely misses you.
You barely miss the gnoll.
The gnoll is lightly wounded.
The gnoll hits you with a +0 flail. The gnoll hits you with a +0 whip.
* * * LOW HITPOINT WARNING * * *
Casting: Ensorcelled Hibernation (safe; 17% risk of failure)
Confirm with . or Enter, or press ? or * to list all spells.
Aiming: Ensorcelled Hibernation (safe; 17% risk of failure)
Press: ? - help, Shift-Dir - straight line, f - gnoll
Aim: a gnoll, wielding a +0 flail (chance to affect: 49%)
You miscast Ensorcelled Hibernation.
You are very lightly contaminated with residual magic.
Nothing appears to happen.
The gnoll hits you but does no damage. The gnoll closely misses you.
Casting: Ensorcelled Hibernation (safe; 17% risk of failure)
Confirm with . or Enter, or press ? or * to list all spells.
Aiming: Ensorcelled Hibernation (safe; 17% risk of failure)
Press: ? - help, Shift-Dir - straight line, f/p - gnoll
Aim: a gnoll, wielding a +0 flail (chance to affect: 49%)
The gnoll looks drowsy...
The gnoll closely misses you.
The helpless gnoll fails to defend itself.
You puncture the gnoll!
The gnoll is almost dead.
The gnoll hits you but does no damage. The gnoll hits you with a +0 flail.
* * * LOW HITPOINT WARNING * * *
Casting: Ensorcelled Hibernation (safe; 17% risk of failure)
Confirm with . or Enter, or press ? or * to list all spells.
Aiming: Ensorcelled Hibernation (safe; 17% risk of failure)
Press: ? - help, Shift-Dir - straight line, f - gnoll, p - gnoll
Aim: a gnoll, wielding a +0 whip (lightly wounded, chance to affect: 49%)
The gnoll resists with some effort.
The gnoll hits you with a +0 flail.
You die...

############
####..........###
.................
########..........###
#.................###
#.............#####..
####..........# ##..
#..........####...
#@.........##.....
#...gg.........##.#.##
#..............##...#
#..............##..##
####...............#
#............#.##
....#######.##.#
...............#
...........#


You could see 2 gnolls.

Vanquished Creatures
  A gnoll (D:2)
  A worm (D:2)
  A dart slug (D:1)
  4 ball pythons
  A bat (D:1)
  An endoplasm (D:2)
  A giant cockroach (D:1)
  2 goblins (D:1)
  6 hobgoblins
  4 kobolds (D:1)
  3 rats
25 creatures vanquished.

Notes
Turn   | Place    | Note
-------+----------+-------------------------------------------
     0 | D:1      | porpoise the Demonspawn Enchanter began the quest for the
                  | Orb.
     0 | D:1      | Reached XP level 1. HP: 13/13 MP: 3/3
   317 | D:1      | Reached skill level 1 in Fighting
   337 | D:1      | Reached skill level 1 in Polearms
   337 | D:1      | Gained mutation: You are partially covered in molten
                  | scales. (AC +2) [demonic ancestry]
   337 | D:1      | Reached XP level 2. HP: 15/21 MP: 5/5
   568 | D:1      | Learned a level 2 spell: Ensorcelled Hibernation
   858 | D:2      | Gained mutation: You have large cloven feet. [demonic
                  | ancestry]
   858 | D:2      | Reached XP level 3. HP: 27/27 MP: 6/6
  1133 | D:2      | Slain by a gnoll

Illustrated notes

Levels and vault maps discovered:
D:1:      wander_arrival_estate, layout_basic
D:2:      layout_basic, shapermc_ecumenical_altar_hornbeckon, basic_altar

Skill      XL: |  1  2  3 |
---------------+----------+-----
Fighting       | 1 2 |  2.0
Polearms       | 1 |  1.8
Short Blades   | |  0.8
Dodging        | |  1.7
Stealth        | |  2.6
Spellcasting   | |  2.0
Hexes          | |  3.0

Action                     || total
---------------------------++-------
  Melee: Dagger            ||   107
         Kick              ||     2
  Throw: Boomerang         ||    10
   Cast: Ensorcelled Hiber ||     2
    Use: Scroll            ||     2
   Stab: Sleeping          ||     2
 Armour: Robe              ||    28
  Dodge: Dodged            ||    56
